 Dungeon Crawl Stone Soup version 0.29-a0-8-g0446c0dae4 (webtiles) character file.

Game seed: 13341404273585117549

186 robertstho the Magician (level 5, 0/37 HPs)
             Began as a Djinni Fire Elementalist on Jan 27, 2022.
             Killed from afar by an orc wizard (9 damage)
             ... with a magic dart
             ... on level 4 of the Dungeon.
             The game lasted 00:03:46 (3142 turns).

robertstho the Magician (Djinni Fire Elementalist)  Turns: 3142, Time: 00:03:46

Health: 0/37       AC:  2    Str:  7    XL:     5   Next: 97%
Gold:   88         EV: 12    Int: 19    God:
                   SH:  0    Dex: 13

rFire   + + .      SeeInvis .   (no weapon)
rCold   x . .      Faith    .   (no shield)
rNeg    . . .      Spirit   .   a - +0 robe
rPois   ∞          Reflect  .   (no helmet)
rElec   .          Harm     .   (no cloak)
rCorr   .          Rampage  .   (no gloves)
Will    .....                   (boots unavailable)
Stlth   ++........              (no amulet)
HPRegen 0.12/turn               (no ring)
MPRegen 0.00/turn               (no ring)

@: flying, very slightly contaminated
A: sickness immunity, fire resistance 2, cold vulnerability 1, float, innate
caster, hp casting, extra vitality 1
a: no special abilities


You were on level 4 of the Dungeon.
You visited 1 branch of the dungeon, and saw 4 of its levels.

You collected 88 gold pieces.

Inventory:

Armour
 a - a +0 robe (worn)
Scrolls
 c - a scroll of fog
 d - a scroll of immolation {unknown}
Potions
 f - 2 potions of heal wounds {unknown}
 g - 2 potions of might {unknown}
 i - a potion of resistance {unknown}
 j - 2 potions of haste {unknown}


   Skills:
 * Level 1.6 Fighting
 + Level 2.3 Dodging
 + Level 2.0 Stealth
 * Level 4.3 Spellcasting


You couldn't memorise any spells.
You knew the following spells:

 Your Spells              Type           Power      Damage    Failure   Level
a - Foxfire               Conj/Fire      80%        2x1d8     2%          1
b - Scorch                Fire           40%        2d7       3%          2
c - Conjure Flame         Conj/Fire      20%        6-21      7%          3
d - Inner Flame           Hex/Fire       20%        N/A       7%          3
e - Flame Wave            Conj/Fire      20%        2d7       22%         4
f - Magic Dart            Conj           80%        1d7       2%          1
g - Static Discharge      Conj/Air       20%        N/A       3%          2
Your spell library was empty.

Dungeon Overview and Level Annotations

Branches:
Dungeon (4/15)
 Temple: D:4-7

Altars:

Shops:
D:3 (   D:4 [

Annotations:
D:3 1 runed translucent door, siradein's ghost, amateur MiFi


Innate Abilities, Weirdness & Mutations

You are immune to sickness and miasma.
You are immune to poison.
Your flesh is very heat resistant. (rF++)
You are vulnerable to cold. (rC-)
You float through the air rather than walking.
You learn spells naturally, not from books.
Your magical power is your life essence.
You have superior vitality. (+4 MHP)


Message History

A puff of flame appears from out of thin air!
The puff of flame hits you. You resist.
Casting: Scorch (safe; 3% risk of failure)
Confirm with . or Enter, or press ? or * to list all spells.
You miscast Scorch.
You are very lightly contaminated with residual magic.
Nothing appears to happen.
Casting: Scorch (safe; 3% risk of failure)
Confirm with . or Enter, or press ? or * to list all spells.
Flames lash the orc priest.
The orc priest is burned terribly!
You kill the orc priest!
Something hits you but does no damage.
Casting: Scorch (safe; 3% risk of failure)
Confirm with . or Enter, or press ? or * to list all spells.
Flames lash the orc priest.
The orc priest is moderately wounded.
The orc priest's fire resistance burns away.
Something barely misses you.
Casting: Scorch (safe; 3% risk of failure)
Confirm with . or Enter, or press ? or * to list all spells.
Flames lash something.
Something hits you.
The orc priest hits you with a +0 hand axe.
* * * LOW HITPOINT WARNING * * *
Casting: Scorch (safe; 3% risk of failure)
Confirm with . or Enter, or press ? or * to list all spells.
Flames lash the orc priest.
The orc priest is burned terribly!
The orc priest is almost dead.
* * * LOW HITPOINT WARNING * * *
Something hits you.
* * * LOW HITPOINT WARNING * * *
The orc priest hits you with a +0 hand axe.
* * * LOW HITPOINT WARNING * * *
Casting: Scorch (safe; 3% risk of failure)
Confirm with . or Enter, or press ? or * to list all spells.
You don't have enough health to cast this spell.
You feel better.
You hear some strange, mumbled words.
A magic dart appears from out of thin air!
The magic dart hits you!
You die...

#....#.....# ....
#....#....######....
#....#....#.......#
#..÷.##'###.......#
#.................#
#.................####
#..........#'#####....
#..........#.....'....
#....##+####.)@..#...
#....# .......o{)#
#....+ ...........#
#....#....#######...
+....#.... .∩.#
#....#... ....
###....+.. ...
.<.....# ... .......#


You could see an orc priest (combustible).

Vanquished Creatures
  A water moccasin skeleton (D:4)
  An orc priest (D:4)
  An iguana (D:2)
  A gnoll (D:3)
  2 adders (D:3)
  A dart slug (D:2)
  An orc (D:4)
  5 endoplasms
  2 giant cockroaches (D:1)
  5 goblins
  6 hobgoblins
  4 jackals (D:2)
  2 quokkas (D:1)
  6 ball pythons
  4 bats
  3 frilled lizards
  4 kobolds
  2 rats
51 creatures vanquished.

Vanquished Creatures (others)
  147 foxfires
147 creatures vanquished.

Grand Total: 198 creatures vanquished

Notes
Turn   | Place    | Note
-------+----------+-------------------------------------------
     0 | D:1      | robertstho the Djinni Fire Elementalist began the quest for
                  | the Orb.
     0 | D:1      | Reached XP level 1. HP: 15/15 MP: 0/0
   301 | D:1      | Reached XP level 2. HP: 8/21 MP: 0/0
  1417 | D:1      | Reached XP level 3. HP: 21/26 MP: 0/0
  1417 | D:1      | Learned a level 1 spell: Magic Dart
  1476 | D:1      | Reached skill level 3 in Spellcasting
  2132 | D:2      | Reached skill level 1 in Fighting
  2132 | D:2      | Reached XP level 4. HP: 28/32 MP: 0/0
  2297 | D:2      | Found a faded altar of an unknown god.
  2625 | D:3      | Found Zulien's Weapon Boutique.
  2680 | D:3      | Found a runed translucent door.
  2745 | D:3      | Noticed siradein's ghost (amateur MiFi)
  2788 | D:3      | Reached XP level 5. HP: 14/37 MP: 0/0
  2788 | D:3      | Learned a level 2 spell: Static Discharge
  2808 | D:4      | Reached skill level 4 in Spellcasting
  3130 | D:4      | Found Vely's Antique Armour Shop.
  3141 | D:4      | HP: 1/37 [orc priest (3)]
  3142 | D:4      | Killed from afar by an orc wizard

Illustrated notes

Levels and vault maps discovered:
D:1:      psy_arrival_conway, layout_basic, corexii_corridor_pit
D:2:      layout_rooms, shapermc_ecumenical_altar_mp_highgroup
D:3:      layout_basic, makhleb_altar_promises_db,
          ebering_ghost_reflecting_pool, serial_shops, shop
D:4:      layout_gridville, nicolae_uskayaw_murder_on_the_dancefloor,
          serial_shops, nicolae_shop_stone, nicolae_ossuary_entry_ruins

Skill      XL: |  1  2  3  4  5 |
---------------+----------------+-----
Spellcasting   | 3 4 |  4.3
Fighting       | 1 |  1.6
Stealth        | 2 |  2.0
Dodging        | |  2.3

Action                   |  1- 3 |  4- 6 || total
-------------------------+-------+-------++-------
 Cast: Foxfire           |    76 |    15 ||    91
       Scorch            |    10 |    24 ||    34
       Static Discharge  |       |     1 ||     1
  Use: Scroll            |       |     4 ||     4
       Potion            |       |     3 ||     3
Armor: Robe              |     2 |     9 ||    11
Dodge: Dodged            |     8 |    17 ||    25

Table legend: (Time is in decaauts)
 A = Elapsed time spent in this place.
 B = Non-inter-level travel time spent in this place.
 C = Inter-level travel time spent in this place.
 D = Time resting spent in this place.
 E = Time spent auto-exploring this place.
 F = Levels seen in this place.
 G = Mean time per level.
                   A        B        C        D        E       F      G
               +--------+--------+--------+--------+--------+-----+--------+
         Total |   3141 |   3105 |     36 |      0 |   2792 |   4 |  785.2 |
       Dungeon |   3141 |   3105 |     36 |      0 |   2792 |   4 |  785.2 |
               +--------+--------+--------+--------+--------+-----+--------+

Top non-repeatable levels by time:
     D:1: 1714 daAuts
     D:2: 747 daAuts
     D:4: 345 daAuts
     D:3: 333 daAuts
